 Dungeon Crawl Stone Soup version 0.15.0-14-g6bbbb5c (console) character file.

527 Ool the Ruffian (level 7, -3/60 HPs)
             Began as a Minotaur Monk on Sept 3, 2014.
             Slain by a gnoll sergeant
             ... wielding a +2 spear of piercing
              (7 damage)
             ... on Level 4 of the Dungeon on Sept 4, 2014.
             The game lasted 01:57:24 (4808 turns).

Ool the Ruffian (Minotaur Monk)                     Turns: 4808, Time: 01:57:24

HP  -3/60        AC 12     Str 16      XL: 7   Next:  3%
MP   4/4         EV  6     Int  7      God:
Gold 266         SH  0     Dex 14      Spells:  0 memorised,  6 levels left

rFire  . . .     SeeInvis .     b - +0 hunting sling
rCold  . . .     Clarity  .     C - +1 chain mail
rNeg   . . .     rCorr    .     (no shield)
rPois  .         rRot     .     (helmet restricted)
rElec  .         Spirit   .     l - +0 cloak
SustAb .         Warding  .     B - +0 pair of gloves
rMut   .         Rnd*Tele +     (no boots)
Gourm  .                        z - amulet of faith
MR     .....                    (no ring)
                                (no ring)

@: not resistant to hostile enchantments, extremely unstealthy
A: retaliatory headbutt, horns 2, blurry vision 1, screaming 1, teleportitis 1
a: no special abilities


You were on level 4 of the Dungeon.
You were very hungry.

You visited 1 branch of the dungeon, and saw 4 of its levels.

You collected 266 gold pieces.

Inventory:

Hand weapons
 a - a +0 mace
 b - a +0 hunting sling (weapon)
 e - a +1 club
 i - a +0 short sword
 r - a cursed +0 dagger
 t - a cursed -2 club
 w - a +0 hunting sling
 H - a +0 blowgun
 K - a cursed -1 spear
 L - a +0 battleaxe
Missiles
 c - 31 stones
 d - 32 poisoned needles
 g - 5 curare-tipped needles
 h - 3 tomahawks
 p - 12 bolts
 y - an exploding sling bullet (quivered)
 A - 37 sling bullets
Armour
 j - a +0 leather armour
 l - a +0 cloak (worn)
 m - a +0 leather armour
 o - a +0 robe
 u - a +0 leather armour
 B - a +0 pair of gloves (worn)
 C - a +1 chain mail (worn)
 F - a +0 cloak
Magical devices
 I - a wand of fireball (0)
Comestibles
 f - 5 bread rations
 k - a royal jelly
 D - a beef jerky
Scrolls
 x - a scroll of recharging {unknown}
 E - a scroll of teleportation {unknown}
 G - 2 scrolls of remove curse {unknown}
Jewellery
 z - an amulet of faith (around neck)
Potions
 n - a potion of cancellation
 q - 2 potions of agility
 v - a potion of brilliance
 J - a potion of porridge


   Skills:
 + Level 4.3 Fighting
 * Level 2.5 Maces & Flails
 + Level 2.0(3.0) Slings
 - Level 3.2(3.4) Throwing
 * Level 3.7 Armour
 + Level 4.2 Dodging
 + Level 1.8 Stealth
 - Level 5.0 Unarmed Combat
 * Level 1.7 Evocations


You had 6 spell levels left.
You didn't know any spells.

Dungeon Overview and Level Annotations

Branches:
Dungeon (4/15)
 Temple: D:4-7

Altars:
Okawaru
Xom

Annotations:
D:3 Inventory!


Innate Abilities, Weirdness & Mutations

You reflexively headbutt those who attack you in melee.
You have a pair of horns on your head.
Your vision is a little blurry.
You occasionally shout uncontrollably at your foes.
Space occasionally distorts in your vicinity.


Message History

Zapping:
I - a wand of fireball {zapped: 2}
Press: ? - help, Shift-Dir - straight line, f/p - gnoll sergeant
Aim: a gnoll sergeant, wielding a glowing spear, wearing a scale mail and wearing a buckler The fireball explodes!
The fireball engulfs the gnoll sergeant.
The gnoll sergeant is severely wounded.
The fireball engulfs the gnoll.
The gnoll is almost dead.
The fireball engulfs the gnoll.
You kill the gnoll!
Your Slings skill increases to level 2!
You have reached level 7!
The gnoll sergeant barely misses you.
The gnoll is engulfed in a cloud of scalding steam.
You kill the gnoll!
You hear a splash.
Press: ? - help, v - describe, . - travel The floor, spattered with blood.
The gnoll sergeant hits you from afar with a glowing spear!
You die...

#. #.. # #.g #....# h. #'# #....#
#g
..#############''''#############.
h.#.......[....................#g
###)≈≈≈≈≈≈≈≈≈(§..).≈≈≈≈≈≈≈≈≈≈≈≈##
≈≈≈≈≈≈≈≈≈≈≈≈≈≈)....≈≈≈≈≈≈≈≈≈≈≈≈≈≈
≈≈≈≈≈≈≈≈≈≈≈≈≈≈§))..≈≈≈≈≈≈≈≈≈≈≈≈≈≈
........).......g................
#.##....).######..#####(....(.###
#.......### #@## #.##.##.###
#...%#### ### #.# #.#....>...
###..# #.. ... ......##.###
##...# #.#####..# ##.#####.#..
.....# #.##.....# #.......#..
##...# #>##.##.## ########...
#...######.......######### #...
#...##........#####.......# #..<
##........#...(..# #.......# #.##
............#..#.###.......# #.#
............#..# ##........# #.#


You could see a gnoll sergeant.

Vanquished Creatures
  An ogre (D:4)
  A gnoll shaman (D:4)
  2 hounds
  An orc priest (D:3)
  A giant frog skeleton (D:4)
  An iguana (D:4)
  An orc wizard (D:3)
  2 worker ants (D:4)
  8 gnolls (D:4)
  2 adders (D:2)
  4 worms
  4 giant geckos
  An ooze (D:3)
  5 orcs
  A giant cockroach (D:2)
  7 goblins
  12 hobgoblins
  18 jackals
  A ball python (D:2)
  7 bats
  7 giant newts
  10 kobolds
  8 rats
  A rat skeleton (D:4)
  A butterfly (D:4)
107 creatures vanquished.

Notes
Turn   | Place    | Note
--------------------------------------------------------------
     0 | D:1      | Ool, the Minotaur Monk, began the quest for the Orb.
     0 | D:1      | Reached XP level 1. HP: 19/19 MP: 1/1
   197 | D:1      | Reached XP level 2. HP: 13/27 MP: 1/1
   509 | D:1      | Reached skill level 1 in Throwing
  1250 | D:2      | Reached XP level 3. HP: 33/33 MP: 2/2
  1988 | D:2      | Reached XP level 4. HP: 40/40 MP: 2/2
  2308 | D:1      | Gained mutation: You occasionally shout uncontrollably at your foes. [potion of mutation]
  2308 | D:1      | Gained mutation: Space occasionally distorts in your vicinity. [potion of mutation]
  2308 | D:1      | Gained mutation: Your vision is a little blurry. [potion of mutation]
  2672 | D:3      | Reached skill level 1 in Armour
  2730 | D:3      | Reached skill level 5 in Unarmed Combat
  2749 | D:3      | Upgraded the game from 0.15.0-13-gb296d5c to 0.15.0-14-g6bbbb5c
  2988 | D:3      | Reached XP level 5. HP: 46/46 MP: 2/2
  3602 | D:4      | Found a shimmering altar of Xom.
  3908 | D:4      | Reached skill level 1 in Maces & Flails
  4026 | D:4      | Reached skill level 1 in Slings
  4026 | D:4      | Reached XP level 6. HP: 42/52 MP: 3/3
  4164 | D:4      | Found an iron altar of Okawaru.
  4707 | D:4      | Reached skill level 1 in Evocations
  4806 | D:4      | Reached XP level 7. HP: 3/60 MP: 4/4
  4808 | D:4      | Slain by a gnoll sergeant

Action                   |  1- 3 |  4- 6 |  7- 9 || total
-------------------------+-------+-------+-------++-------
Melee: Club              |    31 |       |       ||    31
       Unarmed           |    39 |    44 |       ||    83
       Mace              |       |   121 |       ||   121
 Fire: Hunting sling     |       |    57 |       ||    57
Throw: Stone             |   107 |    37 |       ||   144
       Tomahawk          |       |     6 |       ||     6
       Throwing net      |       |     1 |       ||     1
Evoke: Wand              |       |     2 |     1 ||     3
  Use: Scroll            |     1 |     4 |       ||     5
       Potion            |       |     7 |       ||     7
 Stab: Invisible         |       |     1 |       ||     1
  Eat: Chunk             |     1 |     4 |       ||     5
       Beef jerky        |     1 |       |       ||     1
       Meat ration       |       |     1 |       ||     1
